 Dungeon Crawl Stone Soup version 0.28.0-45-g0d030f2227 (webtiles) character file.

Game seed: 13076016093081670142

7 CryoSword the Caller (level 1, -1/13 HPs)
             Began as a Demonspawn Summoner on Apr 21, 2022.
             Slain by a jackal (3 damage)
             ... on level 1 of the Dungeon.
             The game lasted 00:00:28 (348 turns).

CryoSword the Caller (Demonspawn Summoner)           Turns: 348, Time: 00:00:29

Health: -1/13      AC:  2    Str:  8    XL:     1   Next: 91%
Magic:  0/3        EV: 12    Int: 16    God:
Gold:   0          SH:  0    Dex: 13    Spells: 3/4 levels left

rFire   . . .      SeeInvis .   (no weapon)
rCold   . . .      Faith    .   (no shield)
rNeg    . . .      Spirit   .   a - +0 robe
rPois   .          Reflect  .   (no helmet)
rElec   .          Harm     .   (no cloak)
rCorr   .          Rampage  .   (no gloves)
Will    .....                   (no boots)
Stlth   ++........              (no amulet)
HPRegen 0.04/turn               (no ring)
MPRegen 0.08/turn               (no ring)

@: no status effects
A: no striking features
a: no special abilities


You were on level 1 of the Dungeon.
You visited 1 branch of the dungeon, and saw 1 of its levels.

Inventory:

Armour
 a - a +0 robe (worn)
Scrolls
 c - a scroll of torment {unknown}
Potions
 b - a potion of might {unknown}


   Skills:
 + Level 1.9 Dodging
 + Level 1.9 Stealth
 + Level 2.1 Spellcasting
 * Level 4.1 Summonings


You had 3 spell levels left.
You knew the following spells:

 Your Spells              Type           Power      Damage    Failure   Level
a - Summon Small Mammal   Summ           60%        N/A       3%          1

Your spell library contained the following spells:

 Spells                   Type           Power      Damage    Failure   Level
 Call Imp                 Summ           15%        N/A       5%          2
 Call Canine Familiar     Summ           15%        N/A       11%         3
 Summon Guardian Golem    Hex/Summ       8%         N/A       26%         3
 Summon Lightning Spire   Summ/Air       8%         N/A       65%         4


Dungeon Overview and Level Annotations

Branches:
Dungeon (1/15)

Altars:


Message History

c - a scroll labelled GITAISMEDI A quokka comes into view.
A quokka is nearby!
A quokka is nearby!
There's nothing to open nearby.
A quokka is nearby!
You enter the shallow water.
Moving in this stuff is going to be slow.
The quokka splashes around in the water. x2
You closely miss the quokka. The quokka misses you. The quokka misses you.
The quokka barely misses you.
Your bat barely misses the quokka.
You hit the quokka but do no damage.
Your bat hits the quokka but does no damage.
The quokka splashes around in the water.
Your unstable footing causes you to fumble your attack.
Your bat completely misses the quokka.
The quokka splashes around in the water.
The quokka bites you.
Your unstable footing causes you to fumble your attack.
Your bat barely misses the quokka.
The quokka bites you but does no damage.
Your unstable footing causes you to fumble your attack.
Your bat hits the quokka but does no damage.
The quokka barely misses you.
Your unstable footing causes you to fumble your attack.
Your bat closely misses the quokka.
The quokka bites you but does no damage.
The quokka barely misses your rat.
Your rat misses the quokka.
Your bat hits the quokka but does no damage.
The quokka closely misses your rat.
Your rat bites the quokka.
The quokka splashes around in the water.
Your bat closely misses the quokka.
Your rat bites the quokka.
The quokka splashes around in the water.
Your bat misses the quokka.
Your rat closely misses the quokka.
The quokka closely misses your rat.
A quokka is nearby!
A quokka is nearby!
A quokka is nearby!
A quokka is nearby!
Your bat closely misses the quokka.
Your rat bites the quokka.
The quokka dies!
No target in view!
No target in view!
No target in view!
Your bat disappears in a puff of smoke!
Your rat disappears in a puff of smoke!
A frilled lizard comes into view.
A frilled lizard is nearby!
A frilled lizard is nearby!
The frilled lizard hisses angrily.
The frilled lizard barely misses you.
You hit the frilled lizard.
You kill the frilled lizard!
No target in view!
Found a stone staircase leading down.
There is a stone staircase leading down here.
A goblin comes into view. It is wielding a +0 club.
A goblin is nearby! 4 jackals come into view.
The jackal barks! x3
The jackal bites you but does no damage.
The jackal bites your rat. The jackal closely misses you.
The jackal bites your rat but does no damage.
The jackal bites you but does no damage.
The jackal barely misses you. The jackal closely misses your rat.
The jackal misses your rat.
Your rat completely misses the jackal.
You barely miss the jackal.
The jackal bites you but does no damage.
The jackal bites you. The jackal bites your rat.
Your rat dies!
Your rat's corpse disappears in a puff of smoke!
The jackal bites you. x2; Your bat barely misses the jackal.
You are too injured to fight recklessly!
You are too injured to fight recklessly!
Unknown command.
Your bat barely misses the jackal.
The jackal closely misses your bat.
Your bat closely misses the jackal.
The jackal barely misses you.
You hit the goblin.
Your bat barely misses the goblin.
Your bat hits the goblin. The jackal barely misses you. The goblin misses you.
You closely miss the jackal. The jackal barely misses you.
The jackal closely misses your quokka.
Your quokka closely misses the goblin.
Your bat closely misses the goblin.
The goblin misses you.
You closely miss the goblin. Your bat hits the goblin.
The goblin dies!
Your bat barely misses the jackal.
Your quokka bites the jackal.
Your bat barely misses the jackal.
The jackal bites you.
Your bat hits the jackal.
Your quokka completely misses the jackal.
The jackal closely misses you.
You closely miss the jackal. Your bat hits the jackal.
Your bat barely misses the jackal.
The jackal bites you but does no damage.
Your quokka bites the jackal.
The jackal misses you. The jackal closely misses you.
You hit the jackal but do no damage.
Your bat closely misses the jackal.
Your quokka bites the jackal.
The jackal dies!
The jackal bites you but does no damage.
The jackal barely misses you.
Your quokka bites the jackal but does no damage.
The jackal misses you.
You barely miss the jackal.
Your bat barely misses the jackal.
The jackal barely misses you. The jackal misses you.
Your quokka barely misses the jackal.
You barely miss the jackal.
Your bat hits the jackal but does no damage.
The jackal bites you.
* * * LOW HITPOINT WARNING * * *
The jackal bites you but does no damage.
Your quokka completely misses the jackal.
The jackal closely misses you.
You closely miss the jackal. The jackal closely misses you.
Your quokka closely misses the jackal.
The jackal bites you.
* * * LOW HITPOINT WARNING * * *
You closely miss the jackal. Your bat misses the jackal.
Your bat hits the jackal but does no damage.
The jackal barely misses your bat. The jackal completely misses you.
Your quokka barely misses the jackal.
The jackal barely misses you. The jackal closely misses you.
You barely miss the jackal. You punch the jackal, but do no damage.
Your bat barely misses the jackal.
Your bat closely misses the jackal.
Your quokka bites the jackal.
The jackal bites you but does no damage.
The jackal barely misses you. The jackal misses you.
Your quokka bites the jackal.
The jackal dies!
You hit the jackal but do no damage.
Your bat barely misses the jackal.
The jackal bites you but does no damage.
The jackal completely misses you.
Your quokka barely misses the jackal.
The jackal barely misses you.
You closely miss the jackal. The jackal bites you.
* * * LOW HITPOINT WARNING * * *
Your bat barely misses the jackal.
Your quokka barely misses the jackal.
The jackal closely misses you. x2
You barely miss the jackal.
Your bat barely misses the jackal.
Your bat hits the jackal. The jackal bites you.
* * * LOW HITPOINT WARNING * * *
The jackal closely misses you.
Your quokka closely misses the jackal.
Your bat barely misses the jackal.
You hit the jackal but do no damage. Your bat misses the jackal.
The jackal closely misses you. x2
Your quokka completely misses the jackal.
The jackal bites you but does no damage.
The jackal closely misses you.
Your quokka disappears in a puff of smoke!
Your bat misses the jackal. The jackal bites you.
You die...

########## #.........
#......... #.........
#......... ###..h......
#...h.h..... #....####
#...r†@.####
.......bhh....##########
......≈≈≈..........>...#
..≈≈≈≈≈≈≈≈≈≈...#######.#
≈≈≈≈≈≈≈≈≈≈≈≈≈≈..## #.###
≈≈≈≈≈≈≈≈≈≈≈≈≈≈≈..# #....
≈≈≈≈≈≈≈≈≈≈≈≈≈≈≈≈.########.
≈≈≈≈#####≈≈≈≈≈≈..#....##.
≈##...##≈≈≈≈≈≈.#.##.##.


You could see 2 jackals, a friendly quokka (summoned) and a friendly bat
(summoned).

Vanquished Creatures
  A frilled lizard (D:1)
1 creature vanquished.

Vanquished Creatures (collateral kills)
  An endoplasm (D:1)
  A goblin (D:1)
  2 jackals (D:1)
  A quokka (D:1)
5 creatures vanquished.

Grand Total: 6 creatures vanquished

Notes
Turn   | Place    | Note
-------+----------+-------------------------------------------
     0 | D:1      | CryoSword the Demonspawn Summoner began the quest for the
                  | Orb.
     0 | D:1      | Reached XP level 1. HP: 13/13 MP: 3/3
   348 | D:1      | Slain by a jackal

Illustrated notes

Levels and vault maps discovered:
D:1:      minmay_arrival_shoal_huts, layout_basic

Action                   || total
-------------------------++-------
Melee: Unarmed           ||    25
       Punch             ||     1
 Cast: Summon Small Mamm ||     8
Armor: Robe              ||    12
Dodge: Dodged            ||    35
